 Dungeon Crawl Stone Soup version 0.19.0-2-gae57169 (webtiles) character file.

223 Inkary the Shield-Bearer (level 6, -7/47 HPs)
             Began as a Formicid Fighter on Nov 3, 2016.
             Mangled by an ogre
             ... wielding a +0 giant club
              (18 damage)
             ... on level 4 of the Dungeon.
             The game lasted 00:02:56 (2370 turns).

Inkary the Shield-Bearer (Formicid Fighter)         Turns: 2370, Time: 00:02:57

Health: -7/47      AC:  8    Str: 22    XL:     6   Next: 20%
Magic:  6/6        EV:  8    Int:  8    God:
Gold:   74         SH: 10    Dex: 10    Spells: 0 memorised, 5 levels left

rFire  . . .     SeeInvis +     a - +0 war axe
rCold  . . .     Gourm    .     b - +0 scale mail
rNeg   . . .     Faith    .     c - +0 shield
rPois  .         Spirit   .     (helmet unavailable)
rElec  .         Reflect  .     (no cloak)
rCorr  .         Harm     .     (no gloves)
MR     .....                    j - +0 pair of boots
Stlth  ..........               m - amulet of magic regeneration
                                (no ring)
                                (no ring)

@: no status effects
A: permanent stasis, dig shafts and tunnels, four strong arms, antennae 3
a: Dig, Shaft Self


You were on level 4 of the Dungeon.
You were very hungry.

You visited 1 branch of the dungeon, and saw 4 of its levels.

You collected 74 gold pieces.

Inventory:

Hand Weapons
 a - a +0 war axe (weapon)
Armour
 b - a +0 scale mail (worn)
 c - a +0 shield (worn)
 j - a +0 pair of boots (worn)
Jewellery
 m - an amulet of magic regeneration (around neck)
 w - a cursed -5 ring of evasion {unknown}
Wands
 y - a wand of random effects (21/48)
Scrolls
 e - 4 scrolls of magic mapping {unknown}
 i - a scroll of blinking {unknown}
 l - 4 scrolls of remove curse {unknown}
 p - a scroll of immolation {unknown}
 r - a scroll of recharging {unknown}
 s - 3 scrolls of identify {unknown}
 u - 2 scrolls of noise {unknown}
 v - 2 scrolls of teleportation {unknown}
 x - a scroll of amnesia {unknown}
 A - 2 scrolls of fog {unknown}
Potions
 d - a potion of might
 h - a potion of heal wounds {unknown}
 k - 2 potions of lignification {unknown}
 n - a potion of agility {unknown}
 o - a potion of haste {unknown}
 q - 3 potions of degeneration {unknown}
 z - a potion of flight {unknown}
Comestibles
 f - 6 bread rations
 g - 2 fruits
 t - a beef jerky


   Skills:
 + Level 3.4 Fighting
 * Level 4.8 Axes
 - Level 3.2 Armour
 - Level 5.5 Shields


You had 5 spell levels left.
You didn't know any spells.

Dungeon Overview and Level Annotations

Branches:
Dungeon (4/15)
 Temple: D:4-7

Altars:


Innate Abilities, Weirdness & Mutations

You are under a permanent stasis effect.
You can dig through walls and to a lower floor.
Your four strong arms can wield two-handed weapons with a shield.
You have a pair of large antennae on your head. (SInv)


Message History

No target in view!
No target in view!
No target in view!
No target in view!
No target in view!
No target in view!
No target in view!
No target in view!
An ogre comes into view. It is wielding a giant club.
An ogre is nearby!
An ogre is nearby!
An ogre is nearby!
You block the ogre's attack.
You completely miss the ogre. The ogre hits you with a giant club!!
* * * LOW HITPOINT WARNING * * *
You are too injured to fight recklessly!
You slash the ogre!
The ogre is moderately wounded.
The ogre hits you with a giant club!!
You die...

#. #.# ....... #.# #.#
....... #.# #.# .......
#.# #.# ....... #.# #.#
...#. #.# #
###...#####.###########
#.....O................
#.....@####†###########
#.......# #.#
##....#.###.#
+....#..##.#
#....##.##.# #...#
#..#.# #... ###.#.#
###. #.....# #.##.#...#


You could see an ogre.

Vanquished Creatures
  Natasha (thrice) (D:3)
  A worker ant (D:4)
  5 adders
  An ooze (D:1)
  A worm (D:4)
  A dart slug (D:2)
  3 leopard geckos
  5 bats
  8 goblins
  7 hobgoblins
  11 jackals
  9 frilled lizards
  8 kobolds
  7 rats
70 creatures vanquished.

Notes
Turn   | Place    | Note
-------+----------+-------------------------------------------
     0 | D:1      | Inkary the Formicid Fighter began the quest for the Orb.
     0 | D:1      | Reached XP level 1. HP: 18/18 MP: 1/1
    81 | D:1      | Reached XP level 2. HP: 19/24 MP: 2/2
   205 | D:1      | Reached skill level 4 in Shields
   430 | D:1      | Reached XP level 3. HP: 26/29 MP: 3/3
   992 | D:2      | Reached XP level 4. HP: 35/35 MP: 4/4
  1516 | D:3      | Reached skill level 5 in Shields
  1563 | D:3      | Noticed Natasha
  1580 | D:3      | Killed Natasha
  1580 | D:3      | Reached XP level 5. HP: 14/41 MP: 5/5
  1992 | D:3      | Noticed Natasha
  2002 | D:3      | Killed Natasha
  2084 | D:3      | Noticed Natasha
  2096 | D:3      | Killed Natasha
  2096 | D:3      | Reached XP level 6. HP: 19/47 MP: 6/6
  2365 | D:4      | Noticed an ogre
  2370 | D:4      | Mangled by an ogre

Skill      XL: |  1  2  3  4  5 |
---------------+----------------+-----
Shields        | 4 5 |  5.5
Axes           | 3 4 |  4.8
Fighting       | |  3.4
Armour         | |  3.2

Action                   |  1- 3 |  4- 6 || total
-------------------------+-------+-------++-------
Melee: War axe           |   100 |   140 ||   240
  Eat: Chunk             |       |     4 ||     4
Armor: Scale mail        |    51 |    47 ||    98
Dodge: Dodged            |    40 |    42 ||    82
Block: Shield            |    62 |    68 ||   130
